 Dungeon Crawl Stone Soup version 0.28.0 (webtiles) character file.

Game seed: 15635107385918126004

219 freelancePsychic the Sneak (level 5, 0/31 HPs)
             Began as an Octopode Fire Elementalist on Feb 18, 2022.
             Slain by a lemure (9 damage)
             ... led by Pikel
             ... on level 3 of the Dungeon.
             The game lasted 00:08:42 (5416 turns).

freelancePsychic the Sneak (OpFE)                   Turns: 5416, Time: 00:08:42

Health: 0/31       AC:  1    Str:  7    XL:     5   Next: 96%
Magic:  1/9        EV: 13    Int: 20    God:
Gold:   94         SH:  0    Dex: 12    Spells: 4/10 levels left

rFire   + . .      SeeInvis .   b - staff of fire
rCold   . . .      Faith    .   (no shield)
rNeg    . . .      Spirit   .   (helmet restricted)
rPois   .          Reflect  .   (no amulet)
rElec   .          Harm     .   f - ring of flight
rCorr   .          Rampage  .   (no ring)
Will    .....                   (no ring)
Stlth   ++++......              (no ring)
HPRegen 0.10/turn               (no ring)
MPRegen 0.11/turn               (no ring)
                                (no ring)
                                (no ring)

@: flying, very slightly contaminated
A: almost no armour, amphibious, 8 rings, camouflage 1, gelatinous body 1,
(nimble swimmer 1), tentacles
a: no special abilities


You were on level 3 of the Dungeon.
You visited 1 branch of the dungeon, and saw 4 of its levels.

You collected 94 gold pieces.

Inventory:

Hand Weapons
 c - a +1 short sword of speed
Magical Staves
 b - a staff of fire (weapon)
Jewellery
 f - a ring of flight (left tentacle)
Scrolls
 a - a scroll of teleportation {@r4}
 e - a scroll of vulnerability
 g - a scroll of noise {unknown}


   Skills:
 + Level 0.1 Fighting
 - Level 2.0 Dodging
 + Level 4.6 Stealth
 + Level 3.2 Spellcasting
 - Level 1.3 Conjurations
 - Level 2.2 Hexes
 + Level 4.1 Fire Magic


You had 4 spell levels left.
You knew the following spells:

 Your Spells              Type           Power      Damage    Failure   Level
a - Foxfire               Conj/Fire      84%        2x1d8     4%          1
b - Scorch                Fire           58%        2d7       3%          2
c - Inner Flame           Hex/Fire       24%        N/A       11%         3

Your spell library contained the following spells:

 Spells                   Type           Power      Damage    Failure   Level
 Slow                     Hex            48%        N/A       5%          1
 Conjure Flame            Conj/Fire      21%        6-21      14%         3
 Confusing Touch          Hex            12%        N/A       16%         3
 Vampiric Draining        Necr           3%         2d6       38%         3
 Flame Wave               Conj/Fire      21%        2d7       41%         4


Dungeon Overview and Level Annotations

Branches:
Dungeon (4/15)
 Temple: D:4-7

Altars:

Annotations:
D:1 Natasha
D:2 Ijyb
D:3 exclusion: downstairs, Sigmund
D:4 Edmund


Innate Abilities, Weirdness & Mutations

You cannot wear most types of armour.
You are amphibious.
You can wear up to eight rings at the same time.
Your skin changes colour to match your surroundings (Stealth+).
Your rubbery body absorbs attacks. (AC +1, EV +1)
((You are camouflaged when in or above water. (Stealth+)))
You have tentacles for arms and can constrict up to eight enemies at once.


Message History

You hear a shout!
You fly upwards.
Level annotation: exclusion: downstairs, Sigmund
There is a stone staircase leading down here.
You start resting.
Magic restored.
You fly downwards.
Level annotation: Edmund An orc comes into view.
It is wielding a +0 whip.
There is a stone staircase leading up here.
The orc throws a boomerang.
The boomerang barely misses you. The lemure hits you!
You fly upwards.
Level annotation: exclusion: downstairs, Sigmund
There is a stone staircase leading down here.
Casting: Scorch (safe; 3% risk of failure)
Confirm with . or Enter, or press ? or * to list all spells.
You feel a surge of power!
Flames lash the lemure.
The lemure is lightly wounded.
The lemure's fire resistance burns away.
The lemure hits you!
Casting: Scorch (safe; 3% risk of failure)
Confirm with . or Enter, or press ? or * to list all spells.
You feel a surge of power!
Flames lash the lemure.
The lemure is burned terribly!
The lemure is heavily wounded.
The lemure hits you.
Casting: Scorch (safe; 3% risk of failure)
Confirm with . or Enter, or press ? or * to list all spells.
You feel a surge of power!
Flames lash the lemure.
The lemure is burned terribly!
The lemure is almost dead.
The lemure hits you.
* * * LOW HITPOINT WARNING * * *
Casting: Scorch (safe; 3% risk of failure)
Confirm with . or Enter, or press ? or * to list all spells.
You feel a surge of power!
You miscast Scorch.
You are very lightly contaminated with residual magic.
Nothing appears to happen.
The lemure hits you!
You die...

#...........[..###[#
.........##.#.## #.#
.......[.[)(..# #.#
...#####.)#.###
#)##############
.### #..#.#
#....<.......... ##
#..#.#
################
.##### #..#.#
.....###..#.#
################
..........#.#
#5@............#
#.##.###..#.#
#)############.#
#.##.##>..#.# #.#
#.#
.......)).#.###.#
#.#
#.##.##.#..#....#
#.#
.....##.###.#####
#.# .).....)# #.#
#.# .....#### #.#
### #.# ....)# #.#
######.## #.#


You could see a lemure (combustible).

Vanquished Creatures
  3 orc wizards
  Robin (D:3)
  3 gnolls (D:3)
  An adder (D:2)
  2 worms
  A dart slug (D:2)
  18 orcs
  4 ball pythons
  4 bats
  4 endoplasms
  3 giant cockroaches
  6 goblins
  8 hobgoblins
  A quokka (D:1)
  A frilled lizard (D:3)
  6 kobolds
  5 rats
71 creatures vanquished.

Vanquished Creatures (others)
  54 foxfires
54 creatures vanquished.

Grand Total: 125 creatures vanquished

Notes
Turn   | Place    | Note
-------+----------+-------------------------------------------
     0 | D:1      | freelancePsychic the Octopode Fire Elementalist began the
                  | quest for the Orb.
     0 | D:1      | Reached XP level 1. HP: 11/11 MP: 3/3
   272 | D:1      | Reached XP level 2. HP: 17/17 MP: 0/5
   456 | D:1      | Learned a level 2 spell: Scorch
   873 | D:2      | Noticed Natasha
  1328 | D:2      | Found a faded altar of an unknown god.
  1340 | D:2      | Identified the +5 ring mail of Entitlement {Str+2}
  1416 | D:2      | Reached XP level 3. HP: 11/21 MP: 0/6
  2076 | D:2      | Reached skill level 1 in Hexes
  2076 | D:2      | Reached XP level 4. HP: 5/27 MP: 2/7
  3114 | D:3      | Learned a level 3 spell: Inner Flame
  3211 | D:3      | Noticed Ijyb
  3226 | D:2      | Paralysed by Ijyb for 4 turns
  3808 | D:3      | Reached XP level 5. HP: 27/31 MP: 4/9
  3821 | D:3      | Noticed Robin
  3888 | D:3      | Killed Robin
  4892 | D:3      | Noticed Sigmund
  5234 | D:4      | Noticed Edmund
  5329 | D:4      | Identified a scroll of acquirement
  5330 | D:4      | Acquired a staff of fire
  5409 | D:4      | Noticed a lemure
  5409 | D:4      | Noticed a lemure
  5416 | D:3      | Slain by a lemure

Illustrated notes

Levels and vault maps discovered:
D:1:      dpeg_arrival_castle, layout_basic, minmay_misc_feat_ornament
D:2:      layout_basic, hellmonk_ecumenical_altar_run_dry,
          hangedman_glass_teeth, chequers_serial_rivers_large_b, uniq_natasha
D:3:      layout_loops_ring, uniq_ijyb, uniq_sigmund, uniq_robin
D:4:      layout_cave_pools, serial_shops, nicolae_square_shop, uniq_pikel,
          uniq_edmund

Skill      XL: |  1  2  3  4  5 |
---------------+----------------+-----
Stealth        | 3 4 |  4.6
Hexes          | 1 2 |  2.2
Spellcasting   | 3 |  3.2
Fire Magic     | 4 |  4.1
Fighting       | |  0.1
Dodging        | |  2.0
Conjurations   | |  1.3

Action                   |  1- 3 |  4- 6 || total
-------------------------+-------+-------++-------
Melee: Unarmed           |    14 |       ||    14
       Constrict         |     4 |    10 ||    14
       Tentacles         |     3 |     7 ||    10
       Spear             |     4 |    19 ||    23
       Short sword       |       |    30 ||    30
       Punch             |       |     2 ||     2
 Cast: Foxfire           |    29 |     2 ||    31
       Scorch            |    17 |    50 ||    67
  Use: Scroll            |       |     8 ||     8
       Potion            |       |     2 ||     2
 Stab: Sleeping          |     1 |     5 ||     6
Armor: Skin              |     1 |     2 ||     3
Dodge: Dodged            |    13 |    15 ||    28
